Map: Romanticide LE

Players

MCanning

  • Race: Protoss Protoss
  • Spawn Location: 11:00

Vindicta - Winner!

  • Race: Terran Terran
  • League: Master
  • Spawn Location: 5:00

Event: DreamHack SC2 Masters 2020 Winter

VOD

Have the link to the VOD?

Description

Time

  • Played on: Oct. 28, 2020, 4:29 p.m.
  • Length: 31:02

All games in this series

Show
View Real Time Build Order
Export as new Build Order

MCanning Protoss 

Build Orders: 1 Gate Expand, Phoenix Opening, Colossus Rush 

Get SALT Encoding   

  12  0:00  Probe  
  13  0:12  Probe  
  14  0:17  Pylon  
  14  0:24  Probe  
  15  0:36  Probe (Chrono Boost)  
  15  0:37  Gateway  
  16  0:47  Probe (Chrono Boost), Assimilator  
  17  0:51  Probe (Chrono Boost)  
  18  1:03  Probe  
  19  1:15  Probe  
  20  1:18  Unknown  
  20  1:19  Unknown x2  
  20  1:25  Nexus  
  20  1:27  Probe  
  21  1:35  Cybernetics Core  
  21  1:44  Pylon  
  21  1:49  Assimilator  
  21  1:52  Probe  
  22  2:04  Probe  
  23  2:09  Adept (Chrono Boost)  
  25  2:16  Probe  
  26  2:22  Stargate  
  26  2:28  Probe  
  27  2:30  Stalker (Chrono Boost)  
  29  2:38  Probe  
  29  2:40  Probe  
  29  2:42  Warp Gate  
  31  2:50  Probe  
  32  2:52  Probe  
  33  3:02  Probe  
  33  3:05  Probe, Phoenix (Chrono Boost)  
  35  3:11  Pylon  
  37  3:14  Probe  
  37  3:17  Probe  
  39  3:21  Phoenix (Chrono Boost)  
  39  3:26  Probe  
  42  3:29  Probe  
  43  3:38  Gateway  
  43  3:39  Probe, Gateway  
  43  3:41  Probe  
  45  3:44  Phoenix  
  47  3:51  Probe  
  47  3:53  Probe  
  47  3:54  Assimilator  
  49  3:56  Robotics Facility  
  49  4:00  Assimilator  
  49  4:03  Probe  
  49  4:08  Pylon  
  50  4:12  Probe  
  51  4:22  Phoenix  
  53  4:30  Probe (Chrono Boost)  
  53  4:33  Probe (Chrono Boost)  
  53  4:36  Sentry  
  53  4:37  Pylon  
  56  4:42  Probe (Chrono Boost), Nexus  
  56  4:45  Probe (Chrono Boost), Observer (Chrono Boost)  
  59  4:50  Probe (Chrono Boost)  
  59  4:52  Probe (Chrono Boost)  
  60  4:53  Pylon  
  60  4:56  Probe  
  60  4:58  Robotics Bay  
  62  5:02  Probe  
  63  5:08  Probe  
  64  5:17  Gateway  
  64  5:18  Forge  
  64  5:22  Pylon, Gateway  
  64  5:24  Sentry  
  64  5:26  Observer (Chrono Boost)  
  64  5:27  Probe  
  64  5:28  Probe  
  69  5:39  Probe  
  70  5:44  Colossus (Chrono Boost)  
  70  5:45  Shield Battery  
  70  5:47  Extended Thermal Lance  
  76  5:51  Probe  
  76  5:53  Shield Battery  
  77  5:59  Stalker  
  77  6:00  Probe  
  77  6:01  Probe, Protoss Ground Weapons Level 1  
  77  6:04  Probe  
  82  6:07  Pylon  
  82  6:10  Photon Cannon  
  82  6:22  Probe  
  82  6:24  Probe x2  
  85  6:29  Stalker  
  85  6:30  Colossus (Chrono Boost)  
  93  6:33  Stalker x2  
  93  6:35  Probe  
  93  6:37  Shield Battery  
  98  6:43  Zealot  
  100  6:53  Photon Cannon  
  100  6:54  Photon Cannon  
  100  6:55  Shield Battery  
  100  6:57  Adept x2  
  104  7:01  Assimilator  
  104  7:08  Disruptor (Chrono Boost)  
  107  7:10  Adept x2  
  107  7:12  Pylon  
  107  7:14  Probe  
  108  7:16  Probe  
  108  7:19  Pylon  
  109  7:27  Assimilator  
  109  7:29  Probe x2  
  109  7:30  Disruptor (Chrono Boost)  
  109  7:34  Adept x3  
  109  7:35  Adept  
  116  7:44  Twilight Council  
  116  7:45  Observer  
  116  7:46  Probe  
  116  7:48  Probe  
  118  7:51  Photon Cannon  
  118  7:55  Pylon, Forge  
  118  7:56  Probe, Shield Battery  
  118  7:57  Protoss Ground Armor Level 1 (Chrono Boost)  
  119  8:03  Disruptor (Chrono Boost)  
  122  8:08  Nexus  
  122  8:11  Pylon  
  122  8:13  Stalker x3  
  128  8:24  Charge (Chrono Boost)  
  128  8:32  Protoss Ground Weapons Level 2 (Chrono Boost), Gateway  
  128  8:33  Probe  
  129  8:34  Gateway  
  129  8:35  Templar Archives  
  129  8:37  Unknown  
  129  8:38  Shield Battery, Disruptor (Chrono Boost)  
  132  8:49  Pylon  
  132  8:51  Probe  
  132  8:52  Probe  
  132  8:54  Robotics Facility  
  134  9:00  Zealot  
  134  9:01  Zealot x2  
  140  9:05  Dark Shrine, Pylon  
  140  9:12  Stalker x2  
  140  9:16  Probe  
  145  9:17  Pylon  
  145  9:22  Disruptor  
  148  9:25  Zealot x3  
  154  9:32  Pylon  
  154  9:33  Probe  
  154  9:36  Pylon x2  
  154  9:38  Dark Shrine  
  155  9:41  High Templar x2  
  155  9:45  Archon  
  157  9:47  Zealot x4  
  157  9:48  Zealot  
  157  9:51  Protoss Ground Armor Level 2 (Chrono Boost)  
  167  9:58  Blink  
  167  10:06  Probe  
  168  10:12  Zealot x3  
  168  10:13  Zealot x2  
  178  10:20  Zealot x2  
  170  10:37  Zealot x5  
  172  10:44  Protoss Ground Weapons Level 3 (Chrono Boost)  
  172  10:47  Zealot x2  
  172  10:49  Disruptor  
  116  10:58  Stalker x4  
  116  10:59  Stalker  
  116  11:00  Probe  
  117  11:14  Zealot x2  
  117  11:19  Shadow Stride, Gateway  
  117  11:20  Gateway  
  117  11:21  Disruptor (Chrono Boost)  
  117  11:24  Gateway, Colossus (Chrono Boost)  
  120  11:26  Gateway  
  126  11:35  Dark Templar x4  
  126  11:36  Dark Templar  
  126  11:39  Dark Templar  
  138  11:40  Nexus  
  138  11:41  Pylon  
  138  11:42  Archon x2  
  138  11:44  Sentry  
  137  11:56  Probe  
  137  11:58  Probe  
  135  12:08  Stalker x2  
  135  12:09  Stalker  
  135  12:12  Dark Templar x4  
  135  12:15  Probe  
  146  12:17  Protoss Ground Armor Level 3 (Chrono Boost)  
  146  12:19  Probe  
  147  12:25  Probe  
  147  12:27  Probe  
  149  12:32  Colossus (Chrono Boost)  
  155  12:40  Zealot x3, Dark Templar  
  161  12:49  Archon  
  159  12:54  Disruptor (Chrono Boost)  
  159  12:56  Dark Templar  
  159  12:58  Zealot x5  
  164  13:04  Zealot, Dark Templar x2  
  165  13:11  Pylon  
  157  13:15  Probe  
  156  13:22  Protoss Shields Level 1 (Chrono Boost)  
  156  13:26  Disruptor  
  139  13:30  Psionic Storm  
  140  13:34  Zealot x4  
  140  13:35  Zealot x5  
  158  13:47  Photon Cannon  
  158  13:48  Probe  
  158  13:51  High Templar  
  158  13:52  High Templar  
  158  13:55  Probe, Photon Cannon  
  164  13:57  Photon Cannon  
  164  14:00  Shield Battery  
  164  14:02  Dark Templar x3  
  170  14:11  Zealot x3  
  170  14:12  Zealot x2  
  170  14:13  High Templar  
  182  14:22  Probe x2  
  182  14:23  Stargate  
  182  14:37  Stalker  
  182  14:38  Stalker x5  
  182  14:40  Stalker x2  
  188  14:50  High Templar  
  190  14:56  Assimilator  
  190  14:59  Nexus, Assimilator  
  190  15:00  Pylon, Dark Templar x2  
  194  15:11  High Templar  
  194  15:12  High Templar  
  196  15:16  Dark Templar  
  196  15:20  Fleet Beacon  
  192  15:34  Disruptor  
  191  15:42  Zealot x4  
  199  15:45  Stargate  
  199  15:47  Stargate  
  170  16:05  Disruptor  
  133  16:11  Disruptor  
  133  16:16  Zealot x4  
  133  16:17  Dark Templar x2  
  133  16:18  Dark Templar x3  
  127  16:33  Zealot x2  
  125  16:41  Disruptor (Chrono Boost)  
  125  16:42  Archon  
  125  16:44  Colossus (Chrono Boost)  
  107  16:51  Stalker x2  
  107  16:52  Stalker x5  
  120  17:11  Probe  
  121  17:19  Stalker x2  
  121  17:20  Stalker x3  
  121  17:21  Zealot x2  
  121  17:22  Zealot x3  
  141  17:26  Nexus, Observer  
  141  17:28  Pylon, Disruptor  
  144  17:30  Zealot  
  144  17:36  Archon  
  146  17:41  Colossus  
  152  17:45  Zealot x3  
  152  17:49  Stalker x3  
  152  17:50  Dark Templar  
  166  17:52  Zealot x2  
  167  18:04  High Templar  
  169  18:05  High Templar  
  169  18:07  Zealot x3  
  177  18:17  Zealot x5  
  187  18:25  Disruptor  
  190  18:30  Zealot, Dark Templar  
  190  18:31  Zealot x2  
  198  18:38  Zealot, Dark Templar  
  200  18:45  Zealot x2, Dark Templar  
  199  18:52  Probe  
  188  19:25  Archon  
  188  19:26  Zealot x4  
  188  19:27  Zealot x3  
  182  19:37  Assimilator x2  
  162  19:39  Colossus x2  
  172  19:47  Tempest  
  173  19:58  Archon  
  173  19:59  Zealot x5  
  181  20:00  Zealot x5  
  181  20:02  Archon  
  191  20:07  Probe x2  
  193  20:16  Stalker  
  193  20:19  Dark Templar  
  193  20:20  Nexus  
  195  20:22  Stalker x2  
  195  20:23  Pylon  
  199  20:35  Photon Cannon  
  199  20:38  Photon Cannon  
  199  20:41  Photon Cannon  
  199  20:44  Shield Battery  
  195  20:56  Probe  
  179  21:01  Stalker x3  
  179  21:02  Stalker  
  179  21:04  Observer x2 (Chrono Boost)  
  164  21:13  Stalker x5  
  164  21:14  Stalker  
  164  21:18  Observer (Chrono Boost)  
  162  21:21  Dark Templar  
  162  21:24  Disruptor (Chrono Boost)  
  166  21:33  Pylon  
  166  21:36  Dark Templar x3  
  172  21:40  Zealot x2  
  172  21:41  Zealot x3  
  178  21:57  Stalker x3  
  172  22:08  Dark Templar x3  
  164  22:15  Probe x2  
  169  22:21  Disruptor  
  173  22:24  Zealot  
  173  22:25  Zealot x4  
  183  22:41  Disruptor  
  182  22:50  Zealot x5  
  186  22:52  Assimilator  
  186  22:55  Probe  
  186  22:56  Assimilator  
  186  22:57  Probe  
  184  23:05  Disruptor  
  183  23:17  Zealot x4, Disruptor  
  190  23:21  Probe  
  190  23:25  Stalker x4  
  199  23:30  Photon Cannon  
  171  23:57  Stalker x2  
  171  23:58  Zealot x5, Dark Templar  
  171  23:59  Zealot x2  
  175  24:03  Disruptor  
  166  24:10  Disruptor  
  166  24:12  Zealot  
  157  24:19  Zealot, Dark Templar  
  157  24:20  Zealot x2  
  161  24:27  Probe  
  161  24:30  Probe  
  161  24:31  Probe  
  160  24:32  Stalker x3  
  160  24:36  Zealot, Observer  
  164  24:44  Probe  
  149  24:46  High Templar x2  
  149  24:48  Probe  
  154  24:56  Stalker x4  
  162  25:02  Colossus (Chrono Boost)  
  168  25:08  Probe  
  168  25:14  Photon Cannon  
  169  25:15  Zealot x3  
  169  25:20  Zealot x2  
  167  25:25  Zealot  
  167  25:26  Zealot  
  157  25:33  Pylon  
  116  25:43  Disruptor (Chrono Boost)  
  104  25:53  Disruptor (Chrono Boost)  
  104  25:56  Zealot x4  
  111  25:57  High Templar x2  
  111  25:59  Archon  
  111  26:02  Dark Templar  
  108  26:10  Archon  
  106  26:11  Disruptor (Chrono Boost)  
  106  26:16  Zealot x3  
  100  26:26  Zealot x4  
  100  26:27  Zealot  
  104  26:33  Disruptor (Chrono Boost)  
  104  26:39  Disruptor (Chrono Boost)  
  92  26:45  Zealot x3  
  101  26:50  Dark Templar  
  101  26:53  High Templar  
  103  26:59  Dark Templar  
  105  27:04  Disruptor  
  108  27:12  Observer  
  108  27:24  Stalker x5  
  118  27:40  Nexus  
  118  27:48  Stalker x2  
  120  27:51  High Templar  
  122  28:00  Pylon  
  122  28:02  Zealot x3  
  122  28:25  Disruptor  
  123  28:27  Archon  
  123  28:30  Zealot x6  
  123  28:31  Zealot  
  125  28:36  Probe  
  125  28:39  Zealot x2  
  124  28:53  Stalker x2  
  124  28:54  Stalker  
  128  28:58  Dark Templar  
  130  29:06  Zealot x3  
  126  29:21  Probe  
  126  29:23  Observer  
  131  29:26  Colossus (Chrono Boost)  
  131  29:28  Zealot x4  
  139  29:34  Assimilator  
  139  29:36  Assimilator  
  139  29:41  Assimilator  
  139  29:50  Stalker  
  139  29:51  Stalker x2  
  144  29:54  Zealot x3  
  148  30:02  Zealot x3  
  154  30:12  Stalker x2  
  156  30:27  Zealot x4  
  164  30:39  Zealot  
  139  30:49  Zealot  
  112  30:50  Zealot x4  
Show
View Real Time Build Order
Export as new Build Order

Vindicta Terran - Winner!

Build Orders: Reaper Expand 

Get SALT Encoding   

  12  0:00  SCV  
  13  0:12  SCV  
  14  0:18  Supply Depot  
  14  0:24  SCV  
  15  0:39  SCV  
  15  0:40  Barracks  
  16  0:43  Refinery  
  16  0:51  SCV  
  17  1:03  SCV  
  18  1:16  SCV  
  19  1:28  Reaper, Orbital Command  
  20  1:50  Command Center  
  20  1:54  SCV  
  21  2:00  Marine  
  22  2:01  Supply Depot  
  22  2:06  SCV  
  23  2:15  Factory  
  23  2:22  Bunker  
  23  2:23  SCV  
  23  2:24  Marine  
  25  2:35  SCV  
  25  2:36  Refinery  
  26  2:44  Barracks Reactor  
  26  2:47  SCV  
  27  2:59  SCV, Widow Mine  
  27  3:02  Orbital Command  
  30  3:06  Starport  
  30  3:11  SCV  
  31  3:20  Marine x2  
  31  3:22  Widow Mine  
  31  3:23  SCV  
  35  3:29  SCV  
  36  3:35  SCV  
  36  3:36  Supply Depot  
  36  3:38  Marine x2  
  36  3:41  SCV  
  40  3:42  Viking  
  40  3:43  Factory Tech Lab  
  40  3:48  Barracks  
  42  3:50  SCV  
  44  3:56  Marine x2  
  44  3:59  Supply Depot  
  44  4:02  Cyclone  
  48  4:03  SCV  
  48  4:06  SCV  
  49  4:14  Viking, Marine x2  
  49  4:15  SCV  
  54  4:20  SCV  
  55  4:27  SCV  
  54  4:32  SCV, Barracks  
  53  4:39  SCV  
  53  4:40  Marine x2  
  53  4:43  Refinery  
  53  4:44  Factory Tech Lab  
  53  4:45  Engineering Bay  
  56  4:47  Starport Reactor, Supply Depot  
  56  4:48  SCV, Starport Tech Lab  
  56  4:51  SCV  
  58  4:53  Stimpack, Marine  
  59  5:00  SCV  
  59  5:03  SCV  
  61  5:10  Supply Depot  
  61  5:11  Terran Infantry Weapons Level 1  
  61  5:13  SCV, Marine  
  63  5:14  Starport Reactor  
  63  5:15  Missile Turret, Refinery  
  63  5:17  SCV, Marine  
  63  5:18  Missile Turret  
  65  5:23  Siege Tank  
  65  5:28  SCV, Supply Depot  
  69  5:29  SCV  
  70  5:38  Combat Shield  
  70  5:39  Marauder  
  70  5:41  Marauder  
  73  5:51  Marine x2  
  73  5:52  Medivac  
  77  5:57  Medivac  
  77  5:58  Supply Depot  
  77  6:01  Marauder  
  77  6:03  Marine  
  82  6:08  Siege Tank  
  85  6:20  Supply Depot  
  85  6:22  Marauder x2  
  85  6:23  Command Center  
  89  6:26  SCV  
  89  6:29  Missile Turret  
  89  6:30  Supply Depot, Marine  
  89  6:31  Marine  
  92  6:36  Concussive Shells  
  92  6:37  SCV  
  93  6:42  Barracks x2  
  93  6:43  Marine  
  94  6:47  Marauder  
  94  6:50  Medivac x2  
  100  6:59  Siege Tank  
  102  7:09  Marine  
  102  7:12  SCV  
  103  7:16  Marauder, Marine x2, Terran Infantry Armor Level 1  
  103  7:18  Supply Depot  
  103  7:22  SCV  
  103  7:31  Siege Tank  
  103  7:32  Barracks Reactor, Barracks Tech Lab  
  103  7:33  Marine  
  103  7:34  Marauder  
  106  7:38  Marauder  
  106  7:39  SCV x2  
  110  7:45  Orbital Command  
  109  7:52  SCV  
  109  7:54  Bunker  
  109  7:55  SCV  
  109  7:56  Missile Turret  
  109  7:57  Missile Turret  
  109  7:58  Missile Turret  
  115  8:01  Viking  
  115  8:02  Viking  
  115  8:04  SCV  
  117  8:07  SCV  
  117  8:10  Sensor Tower  
  117  8:12  Marauder, Marine  
  121  8:14  Marine  
  121  8:16  SCV, Marine x2  
  121  8:17  Marauder  
  126  8:22  Ghost Academy  
  126  8:23  SCV  
  126  8:24  Supply Depot  
  127  8:27  SCV, Supply Depot  
  127  8:29  SCV  
  127  8:33  Siege Tank  
  132  8:35  SCV  
  132  8:40  Marine  
  133  8:42  Refinery  
  133  8:43  Refinery  
  133  8:46  Viking, SCV x2, Marine x2  
  133  8:47  Marine  
  133  8:48  Supply Depot  
  139  8:51  Enhanced Shockwaves  
  139  8:54  Ghost  
  142  8:57  Ghost  
  142  8:59  SCV  
  142  9:01  SCV  
  142  9:02  SCV, Supply Depot  
  146  9:06  Siege Tank  
  149  9:15  Liberator  
  152  9:20  Marine x2  
  154  9:28  Command Center  
  154  9:29  Marine  
  154  9:30  Marine  
  162  9:32  SCV x3  
  162  9:36  Armory  
  162  9:38  Engineering Bay  
  159  9:39  Marine, Liberator  
  159  9:40  Marauder  
  165  9:46  Missile Turret  
  165  9:54  Supply Depot x2  
  165  9:57  Supply Depot  
  165  10:14  Supply Depot  
  165  10:15  Marine x4, Liberator  
  165  10:16  Marauder x3  
  165  10:19  Siege Tank  
  176  10:33  Marine x2  
  174  10:36  Ghost x2  
  174  10:37  Viking, Marauder  
  174  10:38  Marine  
  174  10:40  Marine  
  154  10:51  Marine x2  
  154  10:56  Marine  
  139  10:58  Medivac, Ghost, Marine  
  139  10:59  Siege Tank  
  147  11:06  Marauder x2  
  147  11:08  Medivac  
  147  11:09  Marine  
  147  11:10  Terran Infantry Weapons Level 2  
  147  11:11  Terran Infantry Armor Level 2  
  136  11:14  Barracks  
  136  11:15  SCV x2, Barracks  
  136  11:20  Marine x2  
  132  11:27  Marauder x2  
  132  11:29  Marauder, Marine x2  
  139  11:37  Planetary Fortress  
  139  11:38  Marine x2  
  141  11:43  Medivac  
  141  11:45  Siege Tank  
  141  11:46  Marine x2  
  147  11:48  Unknown, Marauder x2  
  147  11:50  SCV, Marauder, Missile Turret  
  147  11:53  Terran Ship Weapons Level 1  
  155  11:56  Marine x2  
  157  12:04  Marine x2  
  157  12:08  SCV  
  160  12:09  SCV x2, Marine  
  160  12:11  Medivac  
  160  12:13  Barracks Tech Lab  
  160  12:14  Barracks Tech Lab  
  162  12:16  SCV  
  162  12:19  Medivac  
  162  12:20  Marine, Starport  
  162  12:21  Fusion Core  
  163  12:24  Marine, Sensor Tower  
  163  12:27  Marine  
  163  12:28  Marauder, Marine  
  165  12:38  Marauder, Marine  
  165  12:41  Viking  
  165  12:43  SCV  
  164  12:47  Marine  
  164  12:49  SCV x2  
  164  12:54  SCV  
  164  12:55  SCV  
  165  12:59  Marine  
  165  13:01  SCV x2  
  165  13:05  Missile Turret  
  162  13:06  Marine  
  162  13:07  SCV, Marauder, Siege Tank  
  162  13:08  Marauder, Marine  
  167  13:13  SCV  
  167  13:14  SCV  
  167  13:18  Viking  
  168  13:23  Liberator  
  151  13:31  Terran Infantry Weapons Level 3, Terran Infantry Armor Level 3  
  151  13:33  Marine x2  
  152  13:34  Advanced Ballistics  
  152  13:37  Liberator  
  152  13:39  Siege Tank  
  161  13:46  Command Center  
  161  13:47  Liberator  
  158  13:54  Marauder, Marine  
  161  13:58  Ghost  
  163  14:03  Supply Depot  
  163  14:05  Ghost  
  163  14:06  Medivac  
  163  14:07  Sensor Tower  
  163  14:08  Ghost  
  169  14:15  Ghost  
  173  14:25  Command Center  
  173  14:29  Widow Mine  
  173  14:30  Viking  
  174  14:37  Ghost  
  174  14:38  Ghost x2  
  171  14:39  Missile Turret  
  171  14:44  Liberator  
  176  14:48  Ghost, Missile Turret  
  176  14:49  Viking  
  176  14:51  Widow Mine  
  182  14:52  Marine  
  182  14:53  Marauder  
  182  14:54  Missile Turret  
  185  15:03  SCV  
  185  15:04  SCV  
  185  15:05  Ghost  
  189  15:07  SCV x2, Missile Turret  
  189  15:09  Missile Turret  
  187  15:14  Marine  
  187  15:15  Marauder  
  187  15:19  Viking  
  192  15:22  Marauder, Marine  
  192  15:27  Ghost  
  197  15:32  Viking  
  197  15:33  Marine  
  195  15:40  Marauder, Marine  
  195  15:42  Missile Turret  
  197  15:43  Marine  
  197  15:44  Marauder  
  200  15:52  Marine  
  200  15:53  Marauder  
  198  15:58  Viking  
  180  16:05  Viking  
  180  16:06  Marine  
  180  16:08  Marine  
  180  16:09  Marauder  
  180  16:10  Medivac, Marine x2  
  180  16:11  Marauder  
  164  16:13  SCV  
  164  16:14  Marine  
  166  16:21  SCV x2  
  166  16:22  Orbital Command  
  163  16:27  Missile Turret  
  163  16:28  Medivac, Marine  
  166  16:33  Marauder  
  166  16:35  Medivac  
  166  16:38  Marine  
  169  16:40  Medivac, Orbital Command  
  169  16:46  Marine  
  166  16:48  Marine  
  167  16:55  Planetary Fortress  
  167  16:58  Medivac  
  165  17:01  Ghost  
  165  17:06  Marine  
  165  17:07  Marauder x2, Refinery  
  165  17:08  Refinery  
  174  17:10  Marine  
  174  17:11  Marauder, Marine  
  174  17:12  Marauder  
  178  17:26  Liberator  
  178  17:28  Marauder  
  178  17:29  Liberator  
  188  17:30  Liberator  
  188  17:33  Hi-Sec Auto Tracking, Neosteel Armor  
  191  17:41  Missile Turret  
  189  17:53  Command Center  
  189  17:58  Marauder  
  191  18:03  Marauder, Marine  
  194  18:08  Terran Ship Weapons Level 2  
  194  18:09  Personal Cloaking, Liberator  
  194  18:12  Liberator  
  198  18:16  Liberator  
  198  18:17  Ghost  
  197  18:25  Ghost  
  199  18:36  Ghost  
  199  18:39  Ghost  
  197  18:42  Ghost  
  192  18:50  Ghost  
  192  18:52  Liberator  
  192  18:55  Marauder, Marine x2, Liberator  
  200  18:57  Ghost Academy  
  200  18:58  Ghost Academy  
  198  19:04  Marine  
  188  19:19  Liberator  
  174  19:25  Marauder, Marine  
  174  19:26  Marine  
  174  19:27  Marauder x3, Marine x2  
  174  19:28  Marine  
  184  19:35  Medivac  
  184  19:36  Orbital Command  
  184  19:38  Liberator  
  165  19:43  Marine  
  165  19:44  Marine x2  
  165  19:45  Drilling Claws, Marine  
  158  19:46  Marauder x2  
  158  19:47  Nuke x3  
  158  19:48  Marauder  
  158  19:49  Marauder x2  
  159  20:01  Marine  
  159  20:02  Medivac, Marine x2  
  159  20:06  Medivac  
  166  20:07  Ghost  
  166  20:09  Ghost  
  166  20:13  Missile Turret  
  170  20:17  Marauder x2, Marine x2  
  170  20:19  Marine  
  177  20:35  Refinery  
  177  20:36  Refinery  
  177  20:38  Liberator  
  177  20:42  Marauder, Marine, Sensor Tower  
  171  20:55  Marine  
  171  20:56  Marauder  
  165  21:00  SCV x2  
  165  21:01  Marine x3  
  165  21:02  Marauder x2  
  166  21:08  SCV  
  166  21:10  Marine  
  166  21:11  Marauder  
  170  21:13  Marine  
  170  21:14  SCV x2  
  170  21:16  SCV  
  170  21:17  Marauder  
  170  21:18  SCV  
  174  21:19  Marine x3  
  174  21:22  Medivac  
  174  21:23  Marauder x2  
  183  21:29  Marauder  
  183  21:31  Marine  
  183  21:32  Marauder, Missile Turret  
  188  21:34  Missile Turret  
  188  21:37  Marine x2  
  188  21:38  Marauder, Marine  
  193  21:44  Marauder x2  
  197  21:49  Marine  
  197  21:50  Marauder, Refinery x2  
  198  21:59  SCV x3  
  193  22:03  SCV  
  193  22:04  Marine  
  189  22:10  Planetary Fortress  
  189  22:14  Marauder, Marine x2  
  189  22:15  Marauder  
  195  22:17  SCV x4  
  195  22:19  SCV  
  200  22:34  Marine x2  
  197  22:44  Liberator  
  197  22:47  Medivac  
  194  22:53  Medivac  
  194  23:01  Ghost  
  194  23:04  Marine x2  
  194  23:05  Marauder x4, Marine  
  192  23:17  Medivac, Marine  
  183  23:22  Marine x3  
  183  23:23  Medivac  
  183  23:26  Marine x4  
  192  23:27  Liberator  
  192  23:28  Sensor Tower  
  192  23:30  Marine  
  196  23:35  Orbital Command, Marine  
  196  23:40  Marine x3  
  200  23:44  Marine x2  
  200  23:50  Ghost  
  200  23:51  Viking  
  200  23:52  Marauder, Marine  
  200  23:53  Marine  
  171  23:58  Marine x3  
  171  24:02  Marauder x2  
  173  24:09  Marine  
  151  24:11  Marine  
  151  24:14  Marauder  
  151  24:16  Marine x3  
  145  24:19  Marauder  
  145  24:21  SCV x2  
  145  24:23  Marauder, Marine  
  146  24:27  Marine  
  146  24:29  Marine  
  146  24:30  SCV x2  
  149  24:33  Marine x2  
  149  24:34  Marine  
  149  24:36  Medivac  
  144  24:40  Marine  
  144  24:44  Refinery  
  145  24:52  Marine  
  145  24:53  Liberator  
  145  24:56  SCV x2  
  145  24:58  SCV  
  148  25:05  Missile Turret, Refinery  
  148  25:06  SCV  
  148  25:07  SCV  
  150  25:08  Marauder, Marine  
  150  25:12  Marine  
  156  25:15  Marine  
  156  25:17  SCV  
  156  25:20  Marine x2  
  158  25:21  Marauder  
  134  25:43  Marauder, Marine, Liberator  
  134  25:46  Liberator  
  134  25:49  Marine  
  143  25:50  SCV x2  
  143  25:51  SCV  
  144  25:58  Marine, Liberator  
  144  26:00  SCV  
  147  26:06  Marauder  
  147  26:08  Marine x3  
  150  26:12  SCV  
  150  26:17  Ghost  
  131  26:26  Medivac, Marine  
  129  26:32  Marine  
  129  26:33  Marauder  
  129  26:35  Viking  
  129  26:37  SCV  
  126  26:41  Marine x2  
  126  26:42  SCV  
  124  26:48  SCV x2  
  124  26:53  Marine  
  124  26:54  Marauder, Marine x2  
  129  26:58  Viking  
  132  27:01  SCV  
  132  27:03  SCV  
  132  27:08  Marauder, Marine  
  137  27:14  Marine  
  136  27:17  SCV  
  136  27:18  Marine  
  136  27:19  Orbital Command  
  141  27:24  SCV  
  142  27:30  Viking  
  142  27:31  Viking  
  142  27:32  SCV  
  146  27:37  SCV  
  146  27:40  SCV  
  146  27:43  Missile Turret  
  146  27:44  SCV x2  
  145  27:46  SCV  
  145  27:51  Marine  
  145  27:52  Marauder, Marine  
  145  27:53  SCV, Marauder  
  145  27:55  SCV  
  151  28:00  Marauder, Marine  
  151  28:05  Viking  
  146  28:26  Viking  
  143  28:31  Viking  
  143  28:33  Marauder, Marine  
  147  28:35  Marine  
  147  28:36  Marauder  
  147  28:38  Marauder, Marine  
  147  28:39  Viking  
  147  28:41  Marauder, Marine  
  152  28:42  Marauder  
  157  28:51  Marine  
  157  28:53  Marine  
  157  28:54  Marine  
  153  28:56  Viking, Ghost  
  153  28:58  Marine  
  153  28:59  Ghost  
  153  29:01  Medivac  
  162  29:08  Ghost  
  161  29:12  Ghost  
  161  29:13  Viking  
  153  29:21  Marauder  
  147  29:24  Marine x3  
  147  29:26  Viking, Marauder  
  147  29:28  Marauder  
  147  29:29  Refinery  
  147  29:30  Refinery  
  154  29:31  Medivac  
  154  29:34  Marine  
  154  29:37  Marauder  
  159  29:41  Marauder  
  159  29:43  Marine  
  159  29:44  Liberator  
  166  29:46  Marine  
  166  29:47  SCV x2  
  166  29:51  Marauder, Marine  
  171  29:54  SCV  
  171  29:58  Marine  
  171  29:59  Marauder  
  176  30:04  Liberator  
  176  30:06  Marauder, Marine  
  181  30:15  Marine  
  181  30:16  Marauder  
  181  30:25  Viking  
  181  30:27  Medivac, Ghost  
  185  30:30  Marauder  
Tags
 
Add a new tag
Caveats
  • Supply blocks, unpowered buildings, or Contaminate may cause inaccurate times.
  • Supply counts are checked every 10 seconds.